TOP OF THE 1ST |
San Francisco Giants batting - Pitching for California Angels : RHP Angel Marquez
|
Pitching: RHP Angel Marquez
|
|
Batting: RHB Nick Rigden
|
0-0: Ball 1-0: Reached on error, E6 (Groundball, 56, EV 105.6 MPH)
|
Batting: SHB Ryan Doss
|
0-0: Called Strike 0-1: Reached on error, E2 (Groundball, 2L, EV 43.8 MPH) Nick Rigden to third
|
Batting: LHB Jack Henningar
|
0-0: Ball 1-0: Foul Ball, location: 2F 1-1: Foul Ball, location: 2F 1-2: Ball 2-2: Strikes out swinging
|
Batting: LHB Willis Robles
|
0-0: Ball 1-0: Ball 2-0: Swinging Strike 2-1: Ball 3-1: Base on Balls
|
Batting: RHB Sean Zielinski
|
0-0: Ball 1-0: Foul Ball, location: 2F 1-1: Foul Ball, location: 2F 1-2: Foul Ball, location: 2F 1-2: Foul Ball, location: 2F 1-2: Ball 2-2: Ball 3-2: Foul Ball, location: 2F 3-2: DOUBLE (Flyball, 8LXD, EV 102.5 MPH) Nick Rigden scores Ryan Doss scores Willis Robles to third
|
Batting: SHB Merrick Geter
|
0-0: Ball 1-0: Called Strike 1-1: Ball 2-1: Ball 3-1: SINGLE (Flyball, 8RS, EV 90.6 MPH) Willis Robles scores Sean Zielinski to third
|
Batting: RHB Nate Hodson
|
0-0: Ball 1-0: Ball 2-0: Ball 3-0: Called Strike 3-1: Called Strike 3-2: Base on Balls Merrick Geter to second
|
Batting: LHB John Blair
|
0-0: Foul Ball, location: 2F 0-1: Grounds into double play, 6-4-3 (Groundball, 56, EV 81.9 MPH)
|
Top of the 1st over - 3 runs, 2 hits, 2 errors, 2 left on base; San Francisco 3 - California 0 |
BOTTOM OF THE 1ST |
California Angels batting - Pitching for San Francisco Giants : RHP Nicolas Coppola II
|
Pitching: RHP Nicolas Coppola II
|
|
Batting: RHB Nick Dunn
|
0-0: Foul Ball, location: 2F 0-1: Ball 1-1: Swinging Strike 1-2: Foul Ball, location: 2F 1-2: Foul Ball, location: 2F 1-2: Foul Ball, location: 2F 1-2: DOUBLE (Line Drive, 89D, EV 102.5 MPH)
|
Batting: RHB Alain Delhaye
|
0-0: Swinging Strike 0-1: Ball 1-1: Ball 2-1: Swinging Strike 2-2: Ball 3-2: Foul Ball, location: 2F 3-2: Base on Balls
|
Batting: LHB Micah Miller
|
0-0: SINGLE (Line Drive, 34D, EV 103.1 MPH) Nick Dunn to third Alain Delhaye to second
|
Batting: RHB Dietmar Warmisch
|
0-0: Foul Ball, location: 2F 0-1: Ball 1-1: SINGLE (Groundball, 6MD, EV 101.2 MPH) Nick Dunn scores Alain Delhaye to third Micah Miller to second Runner from 3rd tries for Home, SAFE, throw by CF to home
|
Batting: RHB Preston Deakyne
|
0-0: Ball 1-0: Foul Ball, location: 2F 1-1: Foul Ball, location: 2F 1-2: Ball 2-2: Foul Ball, location: 2F 2-2: Ball 3-2: Fly out, F9 (Line Drive, 89D, EV 102.5 MPH) Runner from 2nd tags up, SAFE at 3rd, no throw by RF
|
Batting: RHB Jasper Burd
|
0-0: Swinging Strike 0-1: Called Strike 0-2: Strikes out swinging
|
Batting: LHB Jack Bell
|
0-0: Called Strike 0-1: Ball 1-1: Ball 2-1: Called Strike 2-2: Ball 3-2: Ground out U3 (Groundball, 3, EV 86.2 MPH)
|
Bottom of the 1st over - 2 runs, 3 hits, 0 errors, 2 left on base; San Francisco 3 - California 2 |
TOP OF THE 2ND |
San Francisco Giants batting - Pitching for California Angels : RHP Angel Marquez
|
Batting: RHB Martin Chavez
|
0-0: Ball 1-0: Ball 2-0: Called Strike 2-1: Foul Ball, location: 2F 2-2: Foul Ball, location: 2F 2-2: Strikes out looking
|
Batting: RHB Nick Rigden
|
0-0: Ball 1-0: Called Strike 1-1: Called Strike 1-2: Ball 2-2: Ball 3-2: Ground out 1-3 (Groundball, 34S, EV 71.2 MPH)
|
Batting: SHB Ryan Doss
|
0-0: Ball 1-0: Ball 2-0: Called Strike 2-1: Ball 3-1: Base on Balls
|
Batting: LHB Jack Henningar
|
0-0: Ball 1-0: Foul Ball, location: 2F 1-1: Ball 2-1: Called Strike 2-2: Ball 3-2: 2-RUN HOME RUN (Flyball, 89XD, EV 103.8 MPH), Distance : 422 ft
|
Pitching: RHP Joe Butler
|
|
Batting: LHB Willis Robles
|
0-0: Called Strike 0-1: Called Strike 0-2: Foul Ball, location: 2F 0-2: Ball 1-2: Ball 2-2: DOUBLE (Line Drive, 8LXD, EV 105.6 MPH)
|
Batting: RHB Sean Zielinski
|
0-0: Ball 1-0: Fly out, F6 (Flyball, 5D, EV 79.4 MPH)
|
Top of the 2nd over - 2 runs, 2 hits, 0 errors, 1 left on base; San Francisco 5 - California 2 |
BOTTOM OF THE 2ND |
California Angels batting - Pitching for San Francisco Giants : RHP Nicolas Coppola II
|
Batting: RHB Mike Harkins
|
0-0: Called Strike 0-1: Called Strike 0-2: Foul Ball, location: 2F 0-2: Foul Ball, location: 2F 0-2: Strikes out looking
|
Batting: RHB Avery Maxwell
|
0-0: Ball 1-0: Foul Ball, location: 2F 1-1: Foul Ball, location: 2F 1-2: Strikes out swinging
|
Batting: RHB Nick Dunn
|
0-0: Ball 1-0: Called Strike 1-1: Ball 2-1: DOUBLE (Line Drive, 89M, EV 91.2 MPH)
|
Batting: RHB Alain Delhaye
|
0-0: Ball 1-0: Fly out, F8 (Flyball, 8LM, EV 91.9 MPH)
|
Bottom of the 2nd over - 0 runs, 1 hit, 0 errors, 1 left on base; San Francisco 5 - California 2 |
TOP OF THE 3RD |
San Francisco Giants batting - Pitching for California Angels : RHP Joe Butler
|
Batting: SHB Merrick Geter
|
0-0: Swinging Strike 0-1: Foul Ball, location: 2F 0-2: Ground out 4-3 (Groundball, 4, EV 100.0 MPH)
|
Batting: RHB Nate Hodson
|
0-0: Called Strike 0-1: Ground out 5-3 (Groundball, 56, EV 103.8 MPH)
|
Batting: LHB John Blair
|
0-0: Called Strike 0-1: Fly out, F3 (Flyball, 34D, EV 84.4 MPH)
|
Top of the 3rd over - 0 runs, 0 hits, 0 errors, 0 left on base; San Francisco 5 - California 2 |
BOTTOM OF THE 3RD |
California Angels batting - Pitching for San Francisco Giants : RHP Nicolas Coppola II
|
Batting: LHB Micah Miller
|
0-0: Called Strike 0-1: Ball 1-1: Called Strike 1-2: Ball 2-2: Fly out, F8 (Flyball, 8LXD, EV 108.1 MPH)
|
Batting: RHB Dietmar Warmisch
|
0-0: Called Strike 0-1: Ball 1-1: SINGLE (Line Drive, 89M, EV 88.1 MPH)
|
Batting: RHB Preston Deakyne
|
0-0: Called Strike 0-1: Ball 1-1: Ball 2-1: Foul Ball, location: 2F 2-2: Fly out, F6 (Popup, 6S, EV 86.2 MPH)
|
Batting: RHB Jasper Burd
|
0-0: Called Strike 0-1: Swinging Strike 0-2: Ball 1-2: Fielders Choice at 2nd, 6-4 (Groundball, 6, EV 88.8 MPH)
|
Bottom of the 3rd over - 0 runs, 1 hit, 0 errors, 1 left on base; San Francisco 5 - California 2 |
TOP OF THE 4TH |
San Francisco Giants batting - Pitching for California Angels : RHP Joe Butler
|
Batting: RHB Martin Chavez
|
0-0: Ball 1-0: Ball 2-0: Foul Ball, location: 2F 2-1: Foul Ball, location: 2F 2-2: Ball 3-2: Base on Balls
|
Batting: RHB Nick Rigden
|
0-0: Ball 1-0: Grounds into double play, 6-4-3 (Groundball, 6, EV 85.6 MPH)
|
Batting: SHB Ryan Doss
|
0-0: Foul Ball, location: 2F 0-1: Ground out 4-3 (Groundball, 4, EV 93.8 MPH)
|
Top of the 4th over - 0 runs, 0 hits, 0 errors, 0 left on base; San Francisco 5 - California 2 |
BOTTOM OF THE 4TH |
California Angels batting - Pitching for San Francisco Giants : RHP Nicolas Coppola II
|
Batting: LHB Jack Bell
|
0-0: Called Strike 0-1: Ball 1-1: SOLO HOME RUN (Flyball, 89XD, EV 101.9 MPH), Distance : 391 ft
|
Batting: RHB Mike Harkins
|
0-0: Swinging Strike 0-1: Ball 1-1: Ball 2-1: Ball 3-1: Base on Balls
|
Batting: RHB Avery Maxwell
|
0-0: Called Strike Mike Harkins steals 2nd base (no throw) 0-1: Ball 1-1: Ball 2-1: Ball 3-1: Fly out, F8 (Line Drive, 8RM, EV 93.1 MPH)
|
Batting: RHB Nick Dunn
|
0-0: Called Strike 0-1: Swinging Strike 0-2: Ball 1-2: Ball 2-2: Foul Ball, location: 2F 2-2: Ball 3-2: Ground out U3 (Groundball, 3L, EV 75.6 MPH) Mike Harkins to third
|
Batting: RHB Alain Delhaye
|
0-0: Ball 1-0: Ball 2-0: Foul Ball, location: 2F 2-1: Swinging Strike 2-2: Foul Ball, location: 2F 2-2: Foul Ball, location: 2F 2-2: Foul Ball, location: 2F 2-2: Strikes out swinging
|
Bottom of the 4th over - 1 run, 1 hit, 0 errors, 1 left on base; San Francisco 5 - California 3 |
TOP OF THE 5TH |
San Francisco Giants batting - Pitching for California Angels : RHP Joe Butler
|
Batting: LHB Jack Henningar
|
0-0: Swinging Strike 0-1: Fly out, F7 (Line Drive, 7D, EV 88.1 MPH)
|
Batting: LHB Willis Robles
|
0-0: Fly out, F9 (Flyball, 89M, EV 88.1 MPH)
|
Batting: RHB Sean Zielinski
|
0-0: Called Strike 0-1: Called Strike 0-2: Ball 1-2: Ground out 3-1 (Groundball, 34, EV 101.9 MPH)
|
Top of the 5th over - 0 runs, 0 hits, 0 errors, 0 left on base; San Francisco 5 - California 3 |
BOTTOM OF THE 5TH |
California Angels batting - Pitching for San Francisco Giants : RHP Nicolas Coppola II
|
Pitching: LHP Tyler Stancil
|
|
Batting: LHB Micah Miller
|
0-0: Called Strike 0-1: Ball 1-1: Ball 2-1: SINGLE (Flyball, 78S, EV 90.0 MPH)
|
Batting: RHB Dietmar Warmisch
|
0-0: Ball 1-0: Called Strike 1-1: Swinging Strike 1-2: Foul Ball, location: 2F 1-2: Strikes out looking
|
Batting: RHB Preston Deakyne
|
0-0: Called Strike 0-1: Ball 1-1: Ball 2-1: Swinging Strike 2-2: Strikes out looking
|
Batting: RHB Jasper Burd
|
0-0: Ball 1-0: Ball 2-0: SINGLE (Groundball, 34, EV 105.0 MPH) Micah Miller to second Runner from 2nd tries for 3rd, SAFE, throw by RF made to third Jasper Burd to second
|
Batting: LHB Jack Bell
|
0-0: Foul Ball, location: 2F 0-1: Called Strike 0-2: Strikes out swinging
|
Bottom of the 5th over - 0 runs, 2 hits, 0 errors, 2 left on base; San Francisco 5 - California 3 |
TOP OF THE 6TH |
San Francisco Giants batting - Pitching for California Angels : RHP Joe Butler
|
Batting: SHB Merrick Geter
|
0-0: Swinging Strike 0-1: Called Strike 0-2: Ground out 5-3 (Groundball, 56, EV 85.0 MPH)
|
Pitching: RHP Jared Pollard
|
|
Batting: RHB Nate Hodson
|
0-0: Ball 1-0: Bunt for hit to 2L - play at first, batter safe!
|
Batting: LHB John Blair
|
0-0: Ball 1-0: Foul Ball, location: 2F 1-1: Foul Ball, location: 2F 1-2: Fly out, F9 (Line Drive, 9D, EV 93.8 MPH)
|
Batting: RHB Martin Chavez
|
0-0: Ball Nate Hodson is caught stealing 2nd base 2-4
|
Top of the 6th over - 0 runs, 1 hit, 0 errors, 0 left on base; San Francisco 5 - California 3 |
BOTTOM OF THE 6TH |
California Angels batting - Pitching for San Francisco Giants : LHP Tyler Stancil
|
Batting: RHB Mike Harkins
|
0-0: Swinging Strike 0-1: Foul Ball, location: 2F 0-2: Fly out, F8 (Flyball, 8LD, EV 95.6 MPH)
|
Batting: RHB Avery Maxwell
|
0-0: Ball 1-0: Foul Ball, location: 2F 1-1: Foul Ball, location: 2F 1-2: Strikes out swinging
|
Batting: RHB Nick Dunn
|
0-0: Ball 1-0: Swinging Strike 1-1: Ball 2-1: Swinging Strike 2-2: Strikes out swinging
|
Bottom of the 6th over - 0 runs, 0 hits, 0 errors, 0 left on base; San Francisco 5 - California 3 |
TOP OF THE 7TH |
San Francisco Giants batting - Pitching for California Angels : RHP Jared Pollard
|
Batting: RHB Martin Chavez
|
0-0: Ball 1-0: Called Strike 1-1: Ball 2-1: Ground out 4-3 (Groundball, 4, EV 91.9 MPH)
|
Batting: RHB Nick Rigden
|
0-0: Ball 1-0: Ground out 5-3 (Groundball, 5, EV 85.6 MPH)
|
Batting: SHB Ryan Doss
|
0-0: Called Strike 0-1: Ball 1-1: Foul Ball, location: 2F 1-2: Fly out, F8 (Flyball, 8LS, EV 83.8 MPH)
|
Top of the 7th over - 0 runs, 0 hits, 0 errors, 0 left on base; San Francisco 5 - California 3 |
BOTTOM OF THE 7TH |
California Angels batting - Pitching for San Francisco Giants : LHP Tyler Stancil
|
Pitching: RHP Nate Heideman
|
|
Batting: RHB Alain Delhaye
|
0-0: Swinging Strike 0-1: Foul Ball, location: 2F 0-2: Ball 1-2: Foul Ball, location: 2F 1-2: Ball 2-2: Strikes out swinging, 2-3 out at first.
|
Batting: LHB Micah Miller
|
0-0: Called Strike 0-1: Swinging Strike 0-2: Foul Ball, location: 2F 0-2: Strikes out swinging
|
Batting: RHB Dietmar Warmisch
|
0-0: Called Strike 0-1: Ball 1-1: Swinging Strike 1-2: Strikes out swinging
|
Bottom of the 7th over - 0 runs, 0 hits, 0 errors, 0 left on base; San Francisco 5 - California 3 |
TOP OF THE 8TH |
San Francisco Giants batting - Pitching for California Angels : RHP Jared Pollard
|
Batting: LHB Jack Henningar
|
0-0: Ball 1-0: Ball 2-0: Ball 3-0: Called Strike 3-1: Base on Balls
|
Batting: LHB Willis Robles
|
0-0: Ball 1-0: Fly out, F9 (Flyball, 89D, EV 85.6 MPH)
|
Batting: RHB Sean Zielinski
|
0-0: Ball 1-0: Ball 2-0: Grounds into double play, 5-4-3 (Groundball, 5S, EV 90.6 MPH)
|
Top of the 8th over - 0 runs, 0 hits, 0 errors, 0 left on base; San Francisco 5 - California 3 |
BOTTOM OF THE 8TH |
California Angels batting - Pitching for San Francisco Giants : RHP Nate Heideman
|
Pitching: RHP Borisz Barciniak
|
|
Batting: RHB Preston Deakyne
|
0-0: Ground out 4-3 (Groundball, 34, EV 86.2 MPH)
|
Batting: RHB Jasper Burd
|
0-0: Ball 1-0: Called Strike 1-1: Swinging Strike 1-2: Foul Ball, location: 2F 1-2: Foul Ball, location: 2F 1-2: Ball 2-2: Foul Ball, location: 2F 2-2: Hit by Pitch
|
Batting: LHB Jack Bell
|
0-0: Called Strike 0-1: Ball 1-1: Swinging Strike 1-2: Ball 2-2: 2-RUN HOME RUN (Flyball, 7LD, EV 94.4 MPH), Distance : 336 ft
|
Batting: RHB Mike Harkins
|
0-0: SINGLE (Groundball, 6M, EV 101.9 MPH) (infield hit)
|
Batting: RHB Avery Maxwell
|
0-0: Ground out 5-3 (Groundball, 5, EV 85.0 MPH) Mike Harkins to second
|
Batting: RHB Nick Dunn
|
0-0: Called Strike 0-1: Swinging Strike 0-2: Ground out 6-3 (Groundball, 6MS, EV 85.6 MPH)
|
Bottom of the 8th over - 2 runs, 2 hits, 0 errors, 1 left on base; San Francisco 5 - California 5 |
TOP OF THE 9TH |
San Francisco Giants batting - Pitching for California Angels : RHP Jared Pollard
|
Pitching: RHP Ryan Terlizzi
|
|
Batting: SHB Merrick Geter
|
0-0: Called Strike 0-1: Ball 1-1: Swinging Strike 1-2: Strikes out looking
|
Batting: RHB Nate Hodson
|
0-0: Called Strike 0-1: Ball 1-1: Called Strike 1-2: Ball 2-2: Ball 3-2: Base on Balls
|
Batting: LHB John Blair
|
0-0: Ball 1-0: Ball 2-0: Called Strike 2-1: Foul Ball, location: 2F 2-2: Foul Ball, location: 2F 2-2: Ball 3-2: Foul Ball, location: 2F 3-2: Strikes out looking
|
Batting: RHB Martin Chavez
|
0-0: Ball 1-0: Ball 2-0: Ground out 1-3 (Groundball, P, EV 76.2 MPH)
|
Top of the 9th over - 0 runs, 0 hits, 0 errors, 1 left on base; San Francisco 5 - California 5 |
BOTTOM OF THE 9TH |
California Angels batting - Pitching for San Francisco Giants : RHP Borisz Barciniak
|
Pitching: RHP Andrew Kindig
|
|
Batting: RHB Alain Delhaye
|
0-0: Ball 1-0: Called Strike 1-1: SINGLE (Groundball, 4MD, EV 98.8 MPH)
|
Batting: LHB Micah Miller
|
0-0: Ball 1-0: Called Strike 1-1: Ball 2-1: Foul Ball, location: 2F 2-2: Strikes out swinging
|
Batting: RHB Dietmar Warmisch
|
0-0: Ball 1-0: Ball 2-0: Swinging Strike 2-1: Ball 3-1: Base on Balls Alain Delhaye to second
|
Batting: RHB Preston Deakyne
|
0-0: Ball 1-0: Ball 2-0: Foul Ball, location: 2F 2-1: Foul Ball, location: 2F 2-2: Ball 3-2: Foul Ball, location: 2F 3-2: Strikes out swinging
|
Batting: RHB Jasper Burd
|
0-0: Ball 1-0: Foul Ball, location: 2F 1-1: Ball 2-1: Ball 3-1: Foul Ball, location: 2F 3-2: Foul Ball, location: 2F 3-2: Foul Ball, location: 2F 3-2: Ground out 4-3 (Groundball, 4, EV 92.5 MPH)
|
Bottom of the 9th over - 0 runs, 1 hit, 0 errors, 2 left on base; San Francisco 5 - California 5 |
TOP OF THE 10TH |
San Francisco Giants batting - Pitching for California Angels : RHP Ryan Terlizzi
|
Batting: RHB Nick Rigden
|
0-0: Ball 1-0: Ball 2-0: Called Strike 2-1: Swinging Strike 2-2: Foul Ball, location: 2F 2-2: Foul Ball, location: 2F 2-2: Strikes out swinging
|
Batting: SHB Ryan Doss
|
0-0: Ball 1-0: Ball 2-0: Ground out U3 (Groundball, 34, EV 86.9 MPH)
|
Batting: LHB Jack Henningar
|
0-0: Ball 1-0: Ball 2-0: Foul Ball, location: 2F 2-1: SOLO HOME RUN (Flyball, 9LD, EV 91.9 MPH), Distance : 335 ft
|
Pitching: RHP Mike Tallerico
|
|
Batting: LHB Willis Robles
|
0-0: Ball 1-0: Ball 2-0: Ball 3-0: Base on Balls
|
Batting: RHB Sean Zielinski
|
0-0: Called Strike 0-1: Foul Ball, location: 2F 0-2: SINGLE (Line Drive, 8LS, EV 98.1 MPH) Willis Robles to second
|
Batting: SHB Merrick Geter
|
0-0: Called Strike 0-1: Swinging Strike 0-2: Ball 1-2: Ball 2-2: Ball 3-2: Foul Ball, location: 2F 3-2: Foul Ball, location: 2F 3-2: Strikes out swinging
|
Top of the 10th over - 1 run, 2 hits, 0 errors, 2 left on base; San Francisco 6 - California 5 |
BOTTOM OF THE 10TH |
California Angels batting - Pitching for San Francisco Giants : RHP Andrew Kindig
|
Batting: LHB Jack Bell
|
0-0: Ball 1-0: Ball 2-0: Foul Ball, location: 2F 2-1: Foul Ball, location: 2F 2-2: Foul Ball, location: 2F 2-2: Strikes out looking
|
Batting: RHB Mike Harkins
|
0-0: Ball 1-0: Ball 2-0: Called Strike 2-1: Ball 3-1: Foul Ball, location: 2F 3-2: Base on Balls
|
Pitching: RHP Josh Lister
|
|
Batting: RHB Avery Maxwell
|
0-0: Foul Ball, location: 2F 0-1: Ball 1-1: Sac Bunt to 13 - play at first, batter OUT! 1-4 Mike Harkins to second
|
Batting: RHB Nick Dunn
|
0-0: Called Strike 0-1: Swinging Strike 0-2: Strikes out swinging
|
Bottom of the 10th over - 0 runs, 0 hits, 0 errors, 1 left on base; San Francisco 6 - California 5 |
|